 Dungeon Crawl Stone Soup version 0.28-b1-1-g3c77fb2ed1 (webtiles) character file.

Game seed: 3733402802862104037

106 styxcanada the Sneak (level 4, -20/23 HPs)
             Began as a Spriggan Brigand on Jan 30, 2022.
             Demolished by Menkaure (23 damage)
             ... on level 4 of the Dungeon.
             The game lasted 00:09:32 (2541 turns).

styxcanada the Sneak (Spriggan Brigand)             Turns: 2541, Time: 00:09:33

Health: -20/23     AC:  3    Str:  7    XL:     4   Next: 55%
Magic:  5/5        EV: 18    Int: 12    God:
Gold:   124        SH:  0    Dex: 24    Spells: 3/3 levels left

rFire   . . .      SeeInvis +   a - +4 dagger (venom)
rCold   . . .      Faith    .   (no shield)
rNeg    . . .      Spirit   .   b - +0 robe
rPois   .          Reflect  .   (helmet restricted)
rElec   .          Harm     .   c - +0 cloak
rCorr   +          Rampage  .   (gloves unavailable)
Will    .....                   (boots unavailable)
Stlth   ++++......              (no amulet)
HPRegen 0.07/turn               r - +6 ring of dexterity
MPRegen 0.09/turn               n - ring of resist corrosion

@: very quick
A: very small, no large weapons, unfitting armour, see invisible, speed 3
a: no special abilities


You were on level 4 of the Dungeon.
You visited 1 branch of the dungeon, and saw 4 of its levels.

You collected 124 gold pieces.

Inventory:

Hand Weapons
 a - a +4 dagger of venom (weapon)
Missiles
 d - 6 poisoned darts (quivered)
 e - a curare-tipped dart
 l - 35 stones
 m - 49 sling bullets
 s - a throwing net
Armour
 b - a +0 robe (worn)
 c - a +0 cloak (worn)
Jewellery
 k - a +6 ring of intelligence
 n - a ring of resist corrosion (right hand)
 r - a +6 ring of dexterity (left hand)
Scrolls
 g - a scroll of immolation
 h - 2 scrolls of teleportation
 p - a scroll of enchant weapon
Potions
 f - a potion of haste {unknown}
 i - 2 potions of heal wounds {unknown}
 j - 3 potions of curing {unknown}
 q - a potion of degeneration {unknown}
 t - a potion of invisibility {unknown}


   Skills:
 * Level 2.0 Fighting
 + Level 2.8 Short Blades
 + Level 2.5 Throwing
 * Level 2.7 Dodging
 * Level 7.3 Stealth


You had 3 spell levels left.
You didn't know any spells.
Your spell library was empty.

Dungeon Overview and Level Annotations

Branches:
Dungeon (4/15)
 Temple: D:4-7

Altars:
Qazlal

Annotations:
D:4 Menkaure


Innate Abilities, Weirdness & Mutations

You are very small and have problems with some larger weapons.
You are too small for most types of armour.
You have supernaturally acute eyesight. (SInv)
You cover ground extremely quickly. (Speed+++)


Message History

You catch the helpless hobgoblin completely off-guard!
You impale the hobgoblin!!
You kill the hobgoblin!
You hit Menkaure.
Menkaure is lightly damaged.
You hit Menkaure.
Menkaure is lightly damaged.
Menkaure casts a spell.
Menkaure seems to speed up.
You hear a shout!
You hit Menkaure.
Menkaure is moderately damaged.
Menkaure calls on the powers of darkness!
Your body is wracked with pain!
A kobold comes into view. It is wielding a +0 whip.
You hit Menkaure but do no damage.
Menkaure is moderately damaged.
Menkaure gestures at you while chanting.
Pain shoots through your body!
You hit Menkaure.
Menkaure is heavily damaged.
Menkaure closely misses you.
You hit Menkaure.
Menkaure is heavily damaged.
Menkaure closely misses you.
You hit Menkaure. You punch Menkaure.
Menkaure is almost destroyed.
Menkaure gestures at you while chanting.
You struggle to resist.
Unknown command.
You hit Menkaure but do no damage.
Menkaure is almost destroyed.
Menkaure hits you.
* * * LOW HITPOINT WARNING * * *
You hit Menkaure.
Menkaure is almost destroyed.
Menkaure shouts, "The sands of time shall wipe you from history!"
Menkaure hits you!!
Ouch! That really hurt!
You die...

####################.###
...........# ###)......#
#.......# #.......#
#.###+### #.# #.# #@#
#M# #K# #.# #.. ###


You could see Menkaure (fast) and a kobold.

Vanquished Creatures
  Terence (D:3)
  3 gnolls (D:3)
  A white imp (D:4)
  A worm (D:3)
  2 dart slugs
  3 endoplasms
  A giant cockroach (D:2)
  3 goblins
  3 hobgoblins
  6 jackals
  A quokka (D:3)
  5 ball pythons
  A bat (D:2)
  5 frilled lizards
  5 kobolds
  2 rats
43 creatures vanquished.

Notes
Turn   | Place    | Note
-------+----------+-------------------------------------------
     0 | D:1      | styxcanada the Spriggan Brigand began the quest for the
                  | Orb.
     0 | D:1      | Reached XP level 1. HP: 10/10 MP: 2/2
   300 | D:1      | Reached skill level 6 in Stealth
   619 | D:1      | Reached XP level 2. HP: 10/15 MP: 3/3
  1638 | D:3      | Reached XP level 3. HP: 16/18 MP: 4/4
  1896 | D:3      | Reached skill level 7 in Stealth
  1950 | D:3      | Noticed Terence
  1967 | D:3      | Killed Terence
  1968 | D:3      | Reached XP level 4. HP: 23/23 MP: 5/5
  2189 | D:3      | Found a stormy altar of Qazlal.
  2528 | D:4      | Noticed Menkaure
  2541 | D:4      | Demolished by Menkaure

Illustrated notes

Levels and vault maps discovered:
D:1:      dpeg_arrival_boxes_within_box, layout_rooms, item_on_display_a
D:2:      layout_rooms, amcnicky_mini_corridor_feature, lemuel_another_geyser
D:3:      layout_basic, mainiacjoe_overflow_alcove_1, uniq_terence
D:4:      layout_basic, lemuel_zombie_altar_kikubaaqudgha, uniq_menkaure

Skill      XL: |  1  2  3 |
---------------+----------+-----
Stealth        | 6 7 |  7.3
Dodging        | 2 |  2.7
Fighting       | 2 |  2.0
Short Blades   | |  2.8
Throwing       | |  2.5

Action                   |  1- 3 |  4- 6 || total
-------------------------+-------+-------++-------
Melee: Dagger            |   100 |    25 ||   125
       Punch             |     3 |     1 ||     4
Throw: Dart              |    36 |     4 ||    40
  Use: Scroll            |       |     9 ||     9
 Stab: Sleeping          |     7 |     3 ||    10
       Distracted        |       |     1 ||     1
Armor: Robe              |    15 |     1 ||    16
Dodge: Dodged            |    68 |     8 ||    76
